 Dungeon Crawl Stone Soup version 0.19.5 (webtiles) character file.

60 wolfsongas the Ruffian (level 3, -1/36 HPs)
             Began as a Troll Monk on May 3, 2017.
             Slain by a hobgoblin
             ... wielding a +0 club
              (2 damage)
             ... on level 2 of the Dungeon.
             The game lasted 00:04:00 (713 turns).

wolfsongas the Ruffian (Troll Monk)                  Turns: 713, Time: 00:04:01

Health: -1/36      AC:  5    Str: 20    XL:     3   Next: 80%
Magic:  2/2        EV: 11    Int:  9    God:
Gold:   76         SH:  0    Dex: 12    Spells: 0 memorised, 2 levels left

rFire  . . .     SeeInvis .       - Unarmed
rCold  . . .     Gourm    +     a - +0 robe
rNeg   . . .     Faith    .     (no shield)
rPois  .         Spirit   .     (helmet restricted)
rElec  .         Reflect  .     (no cloak)
rCorr  .         Harm     .     (gloves unavailable)
MR     .....                    (boots unavailable)
Stlth  ++........               (no amulet)
                                (no ring)
                                i - +3 ring of intelligence

@: no status effects
A: unfitting armour, claws 3, fast metabolism 3, gourmand, regeneration 1,
shaggy fur 1, tough skin 2
a: no special abilities


You were on level 2 of the Dungeon.
You were very full.

You visited 1 branch of the dungeon, and saw 2 of its levels.

You collected 76 gold pieces.

Inventory:

Hand Weapons
 e - a +4 dagger
Armour
 a - a +0 robe (worn)
Jewellery
 i - a +3 ring of intelligence (left claw)
Comestibles
 b - 8 chunks of flesh
 f - 2 beef jerkies
 g - 7 fruits


   Skills:
 + Level 2.8 Fighting
 + Level 3.0 Dodging
 - Level 1.0 Stealth
 * Level 3.7 Unarmed Combat


You had 2 spell levels left.
You didn't know any spells.

Dungeon Overview and Level Annotations

Branches:
Dungeon (2/15)

Altars:

Annotations:
D:2 Natasha, Robin


Innate Abilities, Weirdness & Mutations

You are too large for most types of armour.
You have claws for hands.
Your metabolism is lightning-fast.
You like to eat raw meat.
Your natural rate of healing is unusually fast.
You are covered in fur. (AC +1)
You have very tough skin. (AC +2)


Message History

You aren't carrying any potions.
You closely miss the goblin.
The crimson imp shouts, "Face thy requiem, thou plume-plucked tickle-brained ratsbane!"
Natasha wildly gestures.
You feel troubled. The rat bites you.
* * * LOW HITPOINT WARNING * * *
The goblin barely misses you. The goblin hits you with a club.
* * * LOW HITPOINT WARNING * * *
The goblin closely misses you. The goblin misses you.
The hobgoblin hits you with a club.
* * * LOW HITPOINT WARNING * * *
You scratch the goblin.
The goblin is moderately wounded.
The crimson imp blinks!
The rat bites you but does no damage. The goblin closely misses you.
The goblin completely misses you. The goblin closely misses you.
The goblin hits you with a club.
* * * LOW HITPOINT WARNING * * *
The hobgoblin hits you with a club.
You die...

#... #....... ##....
...###..##.#.# #.....
.... # #.#.#
#.....###... #.#.#
#.....#.... #### #.#.#
.##...g#... #.##.##.#.#
....gggg..####.##......#
.....ggg#...##.#####...#
..(.ghg@g...##.# #......
..#..5rg###....###......
##..5## #.##...#......
...... #.............
....... ######...^....†.
.....................<..
.....5(#########........
....... ####..... ##....


You could see Robin, Natasha, 2 crimson imps, a white imp, 3 hobgoblins, 8
goblins and a rat.

Vanquished Creatures
  2 adders (D:2)
  3 dart slugs (D:1)
  A leopard gecko (D:1)
  A ball python (D:1)
  A giant cockroach (D:1)
  4 goblins
  4 hobgoblins (D:1)
  6 jackals
  4 bats (D:1)
  2 frilled lizards
  3 kobolds (D:1)
  2 rats
33 creatures vanquished.

Notes
Turn   | Place    | Note
-------+----------+-------------------------------------------
     0 | D:1      | wolfsongas the Troll Monk began the quest for the Orb.
     0 | D:1      | Reached XP level 1. HP: 22/22 MP: 0/0
   124 | D:1      | Reached XP level 2. HP: 25/29 MP: 1/1
   518 | D:1      | Reached XP level 3. HP: 36/36 MP: 2/2
   654 | D:2      | Noticed Natasha
   704 | D:2      | Noticed Robin
   713 | D:2      | HP: 1/36 [goblin/club[Robin] (5)]
   713 | D:2      | Slain by a hobgoblin

Skill      XL: |  1  2  3 |
---------------+----------+-----
Dodging        | 3 |  3.0
Fighting       | |  2.8
Stealth        | |  1.0
Unarmed Combat | |  3.7

Action                   || total
-------------------------++-------
Melee: Unarmed           ||    85
  Use: Scroll            ||     8
       Potion            ||     1
 Stab: Distracted        ||     1
  Eat: Bread ration      ||     2
       Chunk             ||     1
Armor: Robe              ||    75
Dodge: Dodged            ||   100
